 Dungeon Crawl Stone Soup version 0.30-a0-137-gd8773701ce (webtiles) character file.

Game seed: 17442390010361145885

46 IdlyInterested the Trooper (level 3, -1/28 HPs)
             Began as a Demonspawn Gladiator on Sept 22, 2022.
             Slain by an orc
             ... wielding a +0 mace
              (3 damage)
             ... on level 2 of the Dungeon.
             The game lasted 00:05:23 (1989 turns).

IdlyInterested the Trooper (Demonspawn Gladiator)   Turns: 1989, Time: 00:05:24

Health: -1/28      AC:  7    Str: 14    XL:     3   Next: 44%
Magic:  3/3        EV: 11    Int: 11    God:
Gold:   113        SH:  0    Dex: 14    Spells: 2/2 levels left

rFire   . . .      SeeInvis .    a - +1 rapier
rCold   . . .      Faith    .    (no shield)
rNeg    . . .      Spirit   .    q - +0 ring mail
rPois   .          Reflect  .    c - +0 helmet
rElec   .          Harm     .    (no cloak)
rCorr   .          Rampage  .    (no gloves)
Will    .....                    (no boots)
Stlth   ..........               (no amulet)
HPRegen 0.09/turn                (no ring)
MPRegen 0.08/turn                (no ring)

@: confused, flying, hasted, very quick
A: sharp scales 1, weakness stinger 1
a: no special abilities


You were on level 2 of the Dungeon.
You visited 1 branch of the dungeon, and saw 2 of its levels.

You collected 113 gold pieces.

Inventory:

Hand Weapons
 a - a +1 rapier (weapon)
 n - a +0 spear
 s - a +0 dagger
Missiles
 d - 3 throwing nets
 e - a javelin
 m - 2 poisoned darts (quivered)
Armour
 b - a +0 leather armour
 c - a +0 helmet (worn)
 k - a +0 chain mail
 l - an orb of mayhem
 o - a +0 robe
 q - a +0 ring mail (worn)
Scrolls
 f - a scroll of identify
 h - a scroll of enchant weapon
Potions
 i - a potion of curing {unknown}
 j - 2 potions of lignification
 r - a potion of resistance
 t - a potion of berserk rage {unknown}


   Skills:
 + Level 2.7 Fighting
 - Level 2.6 Short Blades
 - Level 2.0 Throwing
 - Level 2.0 Armour
 - Level 2.6 Dodging
 * Level 0.4 Evocations


You had 2 spell levels left.
You didn't know any spells.
Your spell library contained the following spells:

 Spells                   Type           Power      Damage    Failure   Level
 Sting                    Tmut/Pois      0%         1d3       56%         1
 Poisonous Vapours        Pois/Air       0%         N/A       71%         2
 Olgreb's Toxic Radiance  Pois           0%         N/A       100%        4


Dungeon Overview and Level Annotations

Branches:
Dungeon (2/15)

Altars:
Vehumet

Shops:
D:1 :


Innate Abilities, Weirdness & Mutations

You are partially covered in razor-sharp scales. (AC +1, Slay +1)
You have a small tail.


Message History

An orc and an orc wizard come into view.
The orc shouts!
The orc wizard shouts!
The orc throws a boomerang.
The boomerang hits you but does no damage.
The orc wizard casts a spell at you.
You are confused.
The orc throws a boomerang.
The boomerang hits you.
The orc wizard mumbles some strange words.
The orc wizard flickers and vanishes!
Deactivating autopickup; reactivate with Ctrl-A.
You feel less confused. The orc hits you but does no damage.
The orc hits you with a +0 mace.
You hear some strange, mumbled words.
A magic dart appears from out of thin air!
The magic dart hits you.
You closely miss the orc. The orc misses you. The orc hits you with a +0 mace.
You hear some strange, mumbled words.
You are confused.
You completely miss something. The orc hits you with a +0 hand axe.
The orc hits you with a +0 mace.
* * * LOW HITPOINT WARNING * * *
Something hits you.
* * * LOW HITPOINT WARNING * * *
Unknown command.
You feel yourself speed up. The orc closely misses you.
The orc hits you but does no damage. Something hits you but does no damage.
You hit the orc.
The orc is heavily wounded.
The orc hits you but does no damage. The orc closely misses you.
Something hits you but does no damage. The orc hits you with a +0 hand axe.
* * * LOW HITPOINT WARNING * * *
The orc hits you with a +0 mace.
* * * LOW HITPOINT WARNING * * *
Something barely misses you.
It was a potion of flight.
You feel very buoyant.
You fly up into the air.
The orc barely misses you. The orc hits you with a +0 mace.
You die...

#######................#
#######................#########
#.......#.###............. ..#
#.......†........[.....#######.#
#..#.....†...#......#.....#..#.#
###P###.###......#####.#..#.#
..P .....#........... #..#.#
#P#.#.#P#.#.....###...##..#<#
#..P......#..@o.....>..<..#.# #
#.# #P# #..o{..##.#####.#.# P.


PP. #......# #.#.# #=.....# ..#.# #......# ##.# #......# #.# #......# #.#
#..###.# #... .# You could see 2 orcs.

Vanquished Creatures
  A worm (D:2)
  3 orcs (D:2)
  5 endoplasms
  3 giant cockroaches (D:1)
  A goblin (D:1)
  4 hobgoblins (D:1)
  6 jackals (D:1)
  2 quokkas (D:1)
  3 ball pythons (D:1)
  A bat (D:1)
  A frilled lizard (D:1)
  A kobold (D:1)
  3 rats
34 creatures vanquished.

Notes
Turn   | Place    | Note
-------+----------+-------------------------------------------
     0 | D:1      | IdlyInterested the Demonspawn Gladiator began the quest for
                  | the Orb.
     0 | D:1      | Reached XP level 1. HP: 16/16 MP: 1/1
   333 | D:1      | Reached skill level 1 in Armour
   401 | D:1      | Gained mutation: You have a small tail. [demonic ancestry]
   401 | D:1      | Reached XP level 2. HP: 19/22 MP: 2/2
  1142 | D:1      | Found Ezegh's Vocational Training.
  1149 | D:1      | Gained mutation: You are partially covered in razor-sharp
                  | scales. (AC +1, Slay +1) [demonic ancestry]
  1149 | D:1      | Reached XP level 3. HP: 28/28 MP: 3/3
  1580 | D:2      | Found a radiant altar of Vehumet.
  1989 | D:2      | Slain by an orc

Illustrated notes

Levels and vault maps discovered:
D:1:      minmay_arrival_stair_chambers, layout_basic, chequers_garden,
          minmay_misc_feat_plants, nicolae_shop_vocational
D:2:      layout_basic, shapermc_ecumenical_altar_mp_urbaneastern, basic_altar

Skill      XL: |  1  2  3 |
---------------+----------+-----
Armour         | 1 2 |  2.0
Throwing       | 2 |  2.0
Fighting       | |  2.7
Short Blades   | |  2.6
Dodging        | |  2.6
Evocations     | |  0.4

Action                   || total
-------------------------++-------
Melee: Rapier            ||   129
       Tailslap          ||    12
Throw: Dart              ||     1
  Use: Scroll            ||     6
       Potion            ||     3
Armor: Leather armour    ||    36
       Ring mail         ||    14
Dodge: Dodged            ||    93

Table legend: (Time is in decaauts)
 A = Elapsed time spent in this place.
 B = Non-inter-level travel time spent in this place.
 C = Inter-level travel time spent in this place.
 D = Time resting spent in this place.
 E = Time spent auto-exploring this place.
 F = Levels seen in this place.
 G = Mean time per level.
                   A        B        C        D        E       F      G
               +--------+--------+--------+--------+--------+-----+--------+
         Total |   1997 |   1930 |     67 |    752 |    697 |   2 |  998.5 |
       Dungeon |   1997 |   1930 |     67 |    752 |    697 |   2 |  998.5 |
               +--------+--------+--------+--------+--------+-----+--------+

Top non-repeatable levels by time:
     D:1: 1552 daAuts
     D:2: 445 daAuts
